Map: Acropolis LE

Players

dEYE - Winner!

  • Race: Protoss Protoss
  • Spawn Location: 5:00

A.I. 1 (Elite)

  • Race: Terran Terran
  • Spawn Location: 11:00

VOD

Have the link to the VOD?

Description

Time

  • Played on: June 14, 2025, 10:31 a.m.
  • Length: 15:22
Show
View Real Time Build Order
Export as new Build Order

dEYE Protoss - Winner!

Build Orders: 1 Gate Expand 

Get SALT Encoding   

  12  0:00  Probe  
  13  0:12  Probe  
  14  0:21  Pylon  
  14  0:25  Probe  
  15  0:39  Probe  
  15  0:40  Gateway  
  16  0:51  Probe  
  17  1:07  Probe  
  18  1:15  Nexus  
  18  1:19  Probe  
  18  1:24  Assimilator  
  19  1:28  Assimilator  
  19  1:32  Probe  
  20  1:44  Probe  
  21  1:53  Cybernetics Core  
  21  2:00  Probe  
  22  2:12  Probe  
  23  2:18  Pylon  
  23  2:27  Probe  
  24  2:34  Probe  
  25  2:40  Stargate  
  25  2:41  Probe, Warp Gate  
  25  2:44  Stalker  
  26  2:47  Probe  
  29  2:59  Probe  
  29  3:00  Probe  
  31  3:11  Probe  
  31  3:12  Probe  
  32  3:17  Stalker  
  32  3:24  Probe x2  
  36  3:31  Fleet Beacon  
  36  3:36  Probe  
  37  3:45  Pylon  
  37  3:50  Probe x2  
  39  3:59  Stargate  
  39  4:06  Forge  
  39  4:08  Probe x2  
  41  4:12  Assimilator  
  41  4:14  Assimilator  
  41  4:16  Pylon  
  41  4:18  Pylon  
  41  4:20  Probe  
  41  4:21  Probe  
  43  4:24  Pylon  
  43  4:28  Pylon  
  43  4:32  Probe  
  43  4:33  Probe, Tempest  
  50  5:00  Probe  
  50  5:02  Tempest  
  54  5:07  Photon Cannon x2  
  54  5:08  Photon Cannon  
  54  5:14  Shield Battery  
  54  5:16  Shield Battery  
  54  5:28  Tempest, Photon Cannon  
  58  5:38  Probe  
  59  5:48  Tempest  
  63  5:50  Probe  
  63  5:54  Pylon  
  63  5:56  Gateway  
  64  5:57  Gateway  
  64  6:02  Probe  
  65  6:08  Gateway  
  65  6:16  Twilight Council  
  65  6:21  Tempest, Pylon  
  69  6:27  Robotics Facility  
  69  6:34  Tempest  
  69  6:36  Probe x2  
  75  6:48  Probe x2  
  77  6:59  Charge  
  77  7:08  Pylon  
  77  7:12  Pylon  
  77  7:14  Unknown  
  77  7:18  Observer  
  77  7:19  Protoss Air Weapons Level 1  
  78  7:26  Tempest  
  82  7:30  Probe x2  
  82  7:36  Observer  
  85  7:42  Probe, Nexus  
  85  7:43  Probe  
  87  7:45  Pylon  
  87  7:48  Pylon  
  87  7:54  Probe  
  87  7:55  Probe  
  85  8:07  Probe  
  86  8:16  Tempest x2  
  94  8:31  Probe x2  
  92  8:34  Observer  
  93  8:43  Probe  
  93  8:46  Probe  
  93  8:48  Protoss Shields Level 1  
  95  8:52  Observer  
  95  8:53  Gateway  
  95  8:55  Probe, Gateway  
  97  8:57  Gateway  
  97  9:00  Pylon  
  97  9:05  Pylon  
  97  9:08  Pylon  
  97  9:09  Observer, Pylon  
  97  9:10  Assimilator  
  97  9:11  Pylon  
  97  9:12  Assimilator  
  97  9:13  Photon Cannon  
  97  9:16  Photon Cannon  
  98  9:18  Photon Cannon  
  98  9:19  Photon Cannon  
  98  9:39  Tempest x2  
  114  9:59  Mothership  
  109  10:51  Sentry  
  109  10:52  Sentry x3  
  117  11:00  Templar Archives  
  117  11:03  Photon Cannon  
  117  11:04  Warp Prism  
  117  11:06  Photon Cannon  
  117  11:10  Photon Cannon  
  119  11:14  Photon Cannon  
  119  11:15  Carrier  
  124  11:33  Sentry x2  
  124  11:34  Zealot x2  
  124  11:35  Zealot x2  
  124  11:39  Observer  
  128  11:57  Observer  
  113  12:22  Carrier x2  
  125  12:34  Zealot x5  
  135  12:44  Pylon  
  135  12:45  Pylon  
  135  12:46  Photon Cannon  
  135  12:49  Photon Cannon  
  131  12:58  Pylon  
  131  13:00  Pylon  
  131  13:07  Pylon  
  131  13:11  Pylon  
  131  13:56  Carrier x2  
Show
View Real Time Build Order
Export as new Build Order

A.I. 1 (Elite) Terran 

Build Orders:  

Get SALT Encoding   

  12  0:00  SCV  
  13  0:13  SCV  
  14  0:18  Supply Depot  
  14  0:25  SCV  
  15  0:40  SCV  
  15  0:42  Barracks  
  16  0:52  SCV  
  17  1:04  SCV  
  18  1:16  Supply Depot, SCV  
  19  1:22  Refinery  
  19  1:28  SCV  
  19  1:29  Marine  
  21  1:40  SCV  
  21  1:47  Marine  
  22  1:51  Barracks  
  22  1:52  SCV  
  24  1:55  Refinery  
  24  2:03  Supply Depot  
  24  2:04  Orbital Command, Marine  
  25  2:22  Marine  
  26  2:30  SCV  
  27  2:40  Marine  
  27  2:42  SCV  
  27  2:44  Command Center  
  29  3:01  SCV  
  29  3:02  Factory  
  29  3:05  Marine  
  31  3:08  Marine  
  32  3:14  SCV  
  33  3:23  Marine  
  33  3:26  Marine, SCV  
  36  3:36  Barracks  
  36  3:38  SCV  
  37  3:42  Barracks Tech Lab  
  37  3:44  Barracks Tech Lab  
  37  3:47  Factory Tech Lab  
  37  3:50  SCV  
  39  3:55  SCV  
  39  3:59  Supply Depot  
  39  4:02  SCV  
  40  4:05  Marine  
  40  4:06  Marine  
  40  4:07  SCV  
  43  4:12  Stimpack  
  43  4:14  SCV  
  44  4:19  Siege Tank  
  44  4:20  SCV  
  44  4:23  Combat Shield  
  48  4:26  SCV  
  48  4:30  Marine  
  50  4:32  SCV  
  50  4:33  Marine  
  50  4:34  Marine  
  53  4:38  SCV  
  53  4:42  Supply Depot  
  53  4:45  Orbital Command  
  54  4:49  Marauder  
  54  4:51  Marauder  
  58  5:10  Marauder  
  58  5:11  Engineering Bay, Barracks Reactor  
  58  5:13  Marauder  
  62  5:20  Supply Depot  
  61  5:25  Command Center  
  61  5:32  Marauder  
  63  5:36  Marauder  
  63  5:39  Terran Infantry Weapons Level 1  
  65  5:50  Engineering Bay  
  65  5:53  Marauder  
  67  5:58  Concussive Shells, Marauder  
  69  6:06  Supply Depot  
  69  6:10  Siege Tank  
  72  6:14  Marauder  
  72  6:15  Terran Infantry Armor Level 1  
  74  6:19  Marauder  
  76  6:29  Barracks  
  76  6:31  Starport  
  75  6:42  Siege Tank  
  75  6:44  Supply Depot  
  75  6:46  SCV x2  
  80  6:47  SCV  
  80  6:58  SCV  
  80  6:59  SCV  
  82  7:09  Starport Reactor, Refinery  
  82  7:14  Refinery  
  82  7:18  Marine  
  83  7:23  Command Center  
  83  7:33  SCV x2  
  83  7:36  SCV  
  86  7:43  Siege Tank  
  89  7:45  Viking x2, SCV  
  89  7:46  SCV  
  89  7:50  Supply Depot  
  95  8:15  Viking x2  
  99  8:24  Supply Depot  
  96  8:42  Command Center  
  96  8:47  Viking  
  98  8:49  SCV  
  98  8:51  SCV  
  98  8:52  SCV  
  101  8:58  Viking  
  101  9:01  SCV  
  104  9:03  SCV  
  104  9:05  SCV  
  106  9:13  SCV  
  106  9:15  SCV  
  79  9:17  Viking, SCV  
  109  9:20  Supply Depot  
  105  9:25  SCV  
  105  9:27  SCV  
  105  9:28  Viking  
  110  9:37  SCV  
  110  9:40  Orbital Command  
  110  9:41  Marine  
  110  9:42  Marine  
  110  9:44  Supply Depot  
  106  9:45  Marine  
  106  9:47  Viking, Marauder  
  106  9:48  Marine  
  106  9:49  SCV  
  111  9:53  SCV  
  111  9:58  Viking  
  111  9:59  Marine  
  113  10:00  Marine  
  113  10:01  SCV  
  113  10:04  Marauder  
  113  10:06  Marine, SCV x2  
  115  10:08  Marauder  
  115  10:13  SCV  
  118  10:17  Viking  
  118  10:18  SCV  
  118  10:20  Supply Depot  
  121  10:25  Marauder  
  123  10:28  Viking  
  123  10:30  Marauder  
  123  10:35  Refinery  
  127  10:38  Refinery  
  127  10:46  Supply Depot, Marine, Marauder  
  127  10:47  Marine, Viking  
  133  10:51  Marauder  
  135  10:58  Viking, SCV x2  
  135  11:02  SCV  
  140  11:07  Siege Tank  
  140  11:08  Marauder  
  140  11:09  Supply Depot  
  140  11:10  SCV  
  146  11:12  Marauder  
  146  11:16  Missile Turret, Viking  
  150  11:21  Supply Depot  
  144  11:34  Supply Depot  
  144  11:37  Supply Depot  
  129  11:51  Marine  
  124  11:54  Marine  
  124  11:55  Marine x2  
  124  11:56  Marauder  
  112  12:01  Command Center  
  112  12:02  Starport  
  104  12:08  Marine  
  104  12:11  Missile Turret  
  104  12:12  Marine  
  104  12:13  Marine, Marauder  
  104  12:14  Missile Turret  
  101  12:16  Missile Turret  
  101  12:17  Marauder  
  91  12:26  Marine  
  91  12:29  SCV  
  88  12:30  Marine  
  88  12:31  Marine  
  88  12:35  Marauder  
  88  12:38  Marauder  
  88  12:41  SCV  
  88  12:51  Supply Depot  
  88  12:56  Marauder  
  88  12:58  Marine  
  84  12:59  Marine  
  84  13:00  Starport  
  79  13:17  Marine  
  79  13:23  Marine, Marauder  
  79  13:24  SCV  
  79  13:26  Supply Depot  
  75  13:35  Marine  
  75  13:36  SCV  
  75  13:55  Marine  
  71  14:04  Marauder  
  71  14:06  Supply Depot  
  71  14:13  Command Center  
  68  14:26  Barracks Reactor  
  68  14:29  Factory  
Tags
 
Add a new tag
Caveats
  • Supply blocks, unpowered buildings, or Contaminate may cause inaccurate times.
  • Supply counts are checked every 10 seconds.